 Dungeon Crawl Stone Soup version 0.26-a0-466-g989023bd0d (webtiles) character file.

Game seed: 4830336903139597194

47 Apogee the Chopper (level 3, 0/34 HPs)
             Began as a Minotaur Monk on Aug 3, 2020.
             Slain by a hobgoblin
             ... wielding a +0 club
              (6 damage)
             ... on level 1 of the Dungeon.
             The game lasted 00:01:15 (1240 turns).

Apogee the Chopper (Minotaur Monk)                  Turns: 1240, Time: 00:01:15

Health: 0/34       AC:  2    Str: 16    XL:     3   Next: 48%
Magic:  2/2        EV: 13    Int:  7    God:
Gold:   49         SH:  0    Dex: 12    Spells: 2/2 levels left

rFire    . . .     SeeInvis .   a - +0 hand axe
rCold    . . .     Faith    .   (no shield)
rNeg     . . .     Spirit   .   b - +0 robe
rPois    .         Reflect  .   (helmet restricted)
rElec    .         Harm     .   (no cloak)
rCorr    .                      (no gloves)
MR       .....                  (no boots)
Stlth    ++........             (no amulet)
HPRegen  0.11/turn              (no ring)
MPRegen  0.08/turn              (no ring)

@: no status effects
A: retaliatory headbutt, horns 2
a: no special abilities


You were on level 1 of the Dungeon.
You visited 1 branch of the dungeon, and saw 2 of its levels.

You collected 49 gold pieces.

Inventory:

Hand Weapons
 a - a +0 hand axe (weapon)
Armour
 b - a +0 robe (worn)
Scrolls
 c - a scroll of blinking {unknown}
 e - a scroll of remove curse {unknown}
 f - a scroll of noise {unknown}
Potions
 g - a potion of might {unknown}
 h - a potion of degeneration {unknown}


   Skills:
 + Level 4.3 Fighting
 * Level 5.0 Axes
 - Level 3.2 Dodging
 - Level 1.5 Stealth


You had 2 spell levels left.
You didn't know any spells.
Your spell library was empty.

Dungeon Overview and Level Annotations

Branches:
Dungeon (2/15)

Altars:


Innate Abilities, Weirdness & Mutations

You reflexively headbutt those who attack you in melee.
You have a pair of horns on your head.


Message History

You are poisoned.
The adder poisons you!
Unknown command.
You hit the adder. You hit the frilled lizard.
You kill the frilled lizard!
You feel sick. The adder barely misses you. You furiously retaliate!
You headbutt the adder.
You kill the adder!
Unknown command.
You hit the orc but do no damage.
You feel sick. The orc misses you.
Unknown command.
You hit the orc.
You kill the orc!
Your Axes skill increases to level 5!
You hear some strange, mumbled words.
Something tries to affect you, but you resist.
You hit the hobgoblin but do no damage. Your headbutt misses the hobgoblin.
You feel sick.
The hobgoblin hits you but does no damage.
Unknown command.
You barely miss the hobgoblin. Your headbutt misses the hobgoblin.
The hobgoblin completely misses you.
You hit the hobgoblin but do no damage. The hobgoblin barely misses you.
Unknown command.
You hit the hobgoblin but do no damage.
You feel sick. The hobgoblin hits you with a +0 club.
* * * LOW HITPOINT WARNING * * *
The hobgoblin misses you.
Found 23 arrows.
You feel sick.
You feel sick.
There is a stone staircase leading up here.
You climb upwards.
Reactivating autopickup.
You feel sick.
There is a stone staircase leading down here.
You barely miss the hobgoblin.
The hobgoblin hits you but does no damage.
You hit the hobgoblin. The hobgoblin misses you.
You closely miss the hobgoblin. Your headbutt misses the hobgoblin.
You feel sick.
You are no longer poisoned.
The hobgoblin hits you but does no damage.
You hit the hobgoblin.
The hobgoblin hits you but does no damage.
You hit the hobgoblin but do no damage. The hobgoblin hits you with a +0 club.
* * * LOW HITPOINT WARNING * * *
You hit the hobgoblin. The hobgoblin misses you.
You barely miss the hobgoblin. The hobgoblin hits you with a +0 club.
You die...

#.#...# #.# ##### #.#.#.#
#.# ....# #.#.#.# #(# ....#
#.#.#.# #(# ....#
#.#.#.###(#
....#########.#.......######
..............#.....)......#
......#.####################
......^........g@#
.#.#....########## .#.#....#
##.#....# ...#....#
#####+#.# ........#
#####.### #.#


You could see a hobgoblin.

Vanquished Creatures
  An adder (D:2)
  An ooze (D:1)
  2 leopard geckos (D:1)
  2 orcs (D:2)
  A bat (D:1)
  2 giant cockroaches (D:1)
  6 goblins (D:1)
  5 jackals (D:1)
  2 kobolds (D:1)
  4 frilled lizards
  3 rats (D:1)
29 creatures vanquished.

Notes
Turn   | Place    | Note
-------+----------+-------------------------------------------
     0 | D:1      | Apogee the Minotaur Monk began the quest for the Orb.
     0 | D:1      | Reached XP level 1. HP: 19/19 MP: 0/0
    38 | D:1      | Reached skill level 4 in Axes
    42 | D:1      | Reached XP level 2. HP: 11/27 MP: 1/1
   649 | D:1      | Reached XP level 3. HP: 32/33 MP: 2/2
  1218 | D:2      | Reached skill level 5 in Axes
  1240 | D:1      | Slain by a hobgoblin

Illustrated notes

Levels and vault maps discovered:
D:1:      wander_arrival_desolate, layout_basic
D:2:      layout_basic, chequers_ecumenical_altar_grove, uniq_robin

Skill      XL: |  1  2  3 |
---------------+----------+-----
Axes           | 4 5 |  5.0
Fighting       | 4 |  4.3
Dodging        | |  3.2
Stealth        | |  1.5

Action                   || total
-------------------------++-------
Melee: Hand axe          ||    75
       Headbutt          ||     8
  Use: Potion            ||     1
 Stab: Sleeping          ||     3
Armor: Robe              ||    15
Dodge: Dodged            ||    62

Table legend: (Time is in decaauts)
 A = Elapsed time spent in this place.
 B = Non-inter-level travel time spent in this place.
 C = Inter-level travel time spent in this place.
 D = Time resting spent in this place.
 E = Time spent auto-exploring this place.
 F = Levels seen in this place.
 G = Mean time per level.
                   A        B        C        D        E       F      G
               +--------+--------+--------+--------+--------+-----+--------+
         Total |   1245 |   1239 |      6 |    181 |    863 |   2 |  622.5 |
       Dungeon |   1245 |   1239 |      6 |    181 |    863 |   2 |  622.5 |
               +--------+--------+--------+--------+--------+-----+--------+

Top non-repeatable levels by time:
     D:1: 1210 daAuts
     D:2: 34 daAuts
